 Dungeon Crawl Stone Soup version 0.31.0-11-ge490571c62 (webtiles) character file.

Game seed: 13456825649036880113

5360 thirtiethelement the Martial Artist (level 10, -3/63 HPs)
             Began as an Octopode Shapeshifter on Feb 6, 2024.
             Was a High Priest of Jiyva.
             Slain by a yak (5 damage)
             ... while petrified by a basilisk
             ... on level 8 of the Dungeon.
             The game lasted 00:22:36 (5911 turns).

thirtiethelement the Martial Artist (OpSh)          Turns: 5911, Time: 00:22:36

Health: -3/63      AC:  1    Str: 20    XL:     10   Next: 65%
Magic:  12/12      EV:  2    Int: 12    God:    Jiyva [*****.]
Gold:   9          SH:  0    Dex: 16    Spells: 10/12 levels left

rFire   + .          .
                       - Unarmed
rCold   . . .        (no shield)
rNeg    + + +        k - melded +1 hat
rPois   ∞            y - amulet of regeneration
rElec   .            f - ring of see invisible
rCorr   +            u - ring of protection from fire
SInv    +            l - ring of fire
Will    .....        r - ring of ice
Stlth   +++++        H - +6 ring of strength
HPRegen 2.54/turn    (no ring)
MPRegen 0.85/turn    (no ring)
                     (no ring)

%: no passive effects
@: beast-form, petrified
A: beast (slay +3), almost no armour, amphibious, 8 rings, camouflage 1,
gelatinous body 1, (nimble swimmer 1), tentacles, wild magic 3, acidic bite
a: Begin Untransformation, Renounce Religion, Oozemancy, Slimify


You were on level 8 of the Dungeon.
You worshipped Jiyva.
Jiyva was extremely pleased with you.
You were a hulking beast.
You visited 1 branch of the dungeon, and saw 8 of its levels.
You also visited: Bailey.

You collected 291 gold pieces.
You spent 282 gold pieces at shops.

Inventory:

Missiles
 a - 6 javelins
 g - 9 poisoned darts (quivered)
 E - a boomerang
 F - 6 curare-tipped darts
Armour
 k - a +1 hat (melded)
Jewellery
 f - a ring of see invisible (left tentacle)
 l - a ring of fire (on tentacle)
 r - a ring of ice (on tentacle)
 u - a ring of protection from fire (right tentacle)
 y - an amulet of regeneration (around mantle)
 H - a +6 ring of strength (on tentacle)
Talismans
 b - a beast talisman (active)
 c - a flux talisman
 s - a serpent talisman
Wands
 m - a wand of charming (7)
 p - a wand of flame (12)
 C - a wand of iceblast (8)
Scrolls
 d - a scroll of noise {unknown}
 e - a scroll of vulnerability
 i - 2 scrolls of amnesia {unknown}
 q - a scroll of fog {unknown}
 t - a scroll of poison {unknown}
 v - a scroll of enchant weapon
 x - a scroll of blinking {unknown}
 B - 3 scrolls of fear
 J - a scroll of torment {unknown}
Potions
 h - 2 potions of curing
 j - 4 potions of attraction
 n - a potion of berserk rage
 o - 2 potions of brilliance
 w - a potion of might {unknown}
 z - a potion of invisibility {unknown}
 A - a potion of enlightenment
 D - a potion of heal wounds {unknown}
 I - a potion of lignification
Miscellaneous
 G - a box of beasts


   Skills:
 + Level 3.3 Fighting
 + Level 2.1 Throwing
 + Level 5.2 Dodging
 + Level 9.3 Stealth
 + Level 10.2 Unarmed Combat
 + Level 1.9 Spellcasting
 + Level 1.4 Conjurations
 + Level 1.0 Hexes
 + Level 1.4 Fire Magic
 * Level 6.9 Shapeshifting


You had 10 spell levels left.
You knew the following spells:

 Your Spells              Type           Power      Damage    Failure   Level
a - Slow                  Hex            24%        N/A       43%         1
b - Foxfire               Conj/Fire      48%        2x1d6     38%         1

Your spell library contained the following spells:

 Spells                   Type           Power      Damage    Failure   Level
 Necrotise                Necr           8%         1d4       54%         1
 Confusing Touch          Hex            6%         N/A       73%         3
 Sigil of Binding         Hex            6%         N/A       73%         3
 Vampiric Draining        Necr           2%         2d6       85%         3
 Martyr's Knell           Necr/Summ      2%         N/A       99%         4
 Curse of Agony           Necr           2%         N/A       100%        5
 Plasma Beam              Fire/Air       4%         2x1d14    100%        6
 Starburst                Conj/Fire      6%         6d4       100%        6


Dungeon Overview and Level Annotations

Branches:
Dungeon (8/15)             Temple (0/1) D:7            Lair (0/5) D:8
 Bailey (visited)

Altars:
Cheibriados
Dithmenos
Elyvilon
Gozag
Hepliaklqana
Kikubaaqudgha
Ru
Wu Jian
Zin
The Shining One
Jiyva

Shops:
D:2 *   D:3 ?   D:6 [

Annotations:
D:5 1 runed translucent door
D:6 2 transporters


Innate Abilities, Weirdness & Mutations

You are a hulking beast.
Your limbs bulge with bestial killing power. (Slay +3)
You are immune to poison.
You cannot wear most types of armour.
You are amphibious.
You can wear up to eight rings at the same time.
Your skin changes colour to match your surroundings (Stealth+).
Your rubbery body absorbs attacks. (AC +1, EV +1)
((You are camouflaged when in or above water. (Stealth+)))
You have tentacles for arms and can constrict up to eight enemies at once.
Your spells are much harder to cast, but much more powerful.
You have acidic saliva.


Message History

You bludgeon the yak! You squeeze the yak.
The yak is moderately wounded.
The yak barely misses you.
Something gores the jelly.
You barely miss the yak.
The yak is moderately wounded.
The yak closely misses you.
You tentacle-slap the basilisk. You grab the basilisk.
You tentacle-slap the basilisk! You bite the basilisk.
The acid corrodes the basilisk!
The basilisk is severely wounded.
You constrict the basilisk. The basilisk gazes at you.
You are slowing down.
You barely miss the basilisk. Your bite misses the basilisk.
You squeeze the basilisk!
The basilisk is almost dead.
You constrict the basilisk.
You kill the basilisk!
The yak gores you.
Your limbs are stiffening.
You tentacle-slap the yak. Your squeeze misses the yak.
The yak is moderately wounded.
The yak gores you! x2; You have turned to stone.
The yak gores you! x4
The yak gores you. The yak gores you but does no damage. The yak gores you!
The yak gores you. x2; The yak gores you!
The yak gores you. The yak gores you!
* * * LOW HITPOINT WARNING * * *
The yak completely misses you. The yak gores you.
* * * LOW HITPOINT WARNING * * *
The yak gores you!
* * * LOW HITPOINT WARNING * * *
The yak gores you.
* * * LOW HITPOINT WARNING * * *
The yak gores you!
* * * LOW HITPOINT WARNING * * *
The yak gores you!
* * * LOW HITPOINT WARNING * * *
The yak gores you!
You die...

# #.♣.♣P....♣.♣##### #
#.P.♣♣P.P♣♣.P....# #
#....♣♣.♣♣P......# #
#.~~P..P..P~~....# #
#.≈~.P♣♣♣..~≈....# #
#.#### ##.......# # #.
####.....>.# . #
.#####....Y.....#.... #
..........Yh......... ##
####....#†.Y####......
.##......###....#####.....
.....### ##.......PP♣....
...#.# #......Y.lYo....
#.#.. #...b...Jo)......
#...## #.............Y...
#..# ....#.....b.......♣
..... ##...........♣P....


You could see 3 yaks.

Vanquished Creatures
  The ghost of michknight7 the Covered, a novice MiFi (D:5)
  Maggie (D:8)
  Grinder (D:5)
  Sigmund (D:3)
  2 yaks (D:8)
  2 basilisks (D:8)
  A steam dragon (D:7)
  Edmund (D:6)
  A water moccasin (D:7)
  An ice beast (D:7)
  3 black bears
  4 orc warriors
  A sky beast (D:7)
  An ogre (D:3)
  A phantom (D:7)
  3 kobold brigands
  2 bullfrogs
  A gnoll sergeant (D:8)
  A wight (D:8)
  An electric eel (D:7)
  4 hounds
  2 orc priests
  A gnoll bouda (D:7)
  An iguana (D:4)
  5 orc wizards (D:6)
  9 adders
  7 gnolls
  5 ribbon worms
  4 dart slugs
  17 orcs
  2 endoplasms (D:1)
  A giant cockroach (D:2)
  2 goblins
  2 hobgoblins
  4 jackals (D:4)
  13 kobolds
  5 quokkas
  11 ball pythons
  3 bats
  3 frilled lizards (D:2)
  6 rats
137 creatures vanquished.

Vanquished Creatures (collateral kills)
  Erica (D:8)
  5 yaks (D:8)
  A water moccasin (D:8)
  2 wights (D:8)
  A gnoll bouda (D:8)
  3 gnolls (D:8)
13 creatures vanquished.

Vanquished Creatures (others)
  A yak (D:8)
  4 kobold brigands (Bailey)
  A howler monkey (D:7)
  An electric eel (D:7)
  11 jellies
  A gnoll bouda (D:4)
  An iguana (D:6)
  An orc wizard (D:6)
  3 gnolls (D:4)
  An adder (D:6)
  A white imp (D:8)
  2 ufetubi (D:7)
  A dart slug (D:7)
  4 orcs
  A bat (D:3)
  3 endoplasms
  9 kobolds
  10 foxfires (D:6)
56 creatures vanquished.

Grand Total: 206 creatures vanquished

Notes
Turn   | Place    | Note
-------+----------+-------------------------------------------
     0 | D:1      | thirtiethelement the Octopode Shapeshifter began the quest
                  | for the Orb.
     0 | D:1      | Reached XP level 1. HP: 13/13 MP: 1/1
   279 | D:1      | Reached XP level 2. HP: 18/18 MP: 2/2
   633 | D:2      | Reached skill level 1 in Stealth
   645 | D:2      | Reached XP level 3. HP: 4/23 MP: 3/3
   901 | D:2      | Found a faded altar of an unknown god.
   924 | D:2      | Prayed at the altar of an unknown god.
   924 | D:2      | Became a worshipper of Jiyva Joak the Shapeless
   924 | D:2      | Reached * piety under Jiyva
  1152 | D:2      | Found Wimuohy's Assorted Antiques.
  1156 | D:2      | Bought a scroll labelled KIS BOENTUO for 28 gold pieces
  1156 | D:2      | Bought 2 orange potions for 50 gold pieces
  1462 | D:3      | Found an ornate altar of the Wu Jian Council.
  1466 | D:3      | Reached XP level 4. HP: 28/28 MP: 4/4
  1466 | D:3      | Reached ** piety under Jiyva
  1573 | D:3      | Reached skill level 4 in Unarmed Combat
  1614 | D:3      | Noticed Sigmund
  1626 | D:3      | Killed Sigmund
  1627 | D:3      | Reached XP level 5. HP: 23/33 MP: 5/5
  1627 | D:3      | Reached XP level 6. HP: 26/38 MP: 6/6
  1820 | D:3      | Found Kuoqined's Magic Scroll Shop.
  1831 | D:3      | Bought a scroll of identify for 24 gold pieces
  1831 | D:3      | Bought a scroll of identify for 24 gold pieces
  1831 | D:3      | Bought a scroll of identify for 24 gold pieces
  1860 | D:3      | Found a sacrificial altar of Ru.
  1982 | D:3      | Found an ancient bone altar of Kikubaaqudgha.
  1982 | D:3      | Identified the +1 chain mail of Autumn {Harm Str+2 Int+4}
  2120 | D:4      | Found a hazy altar of Hepliaklqana.
  2131 | D:3      | HP: 1/57 [ogre/+0 giant club (8)]
  2133 | D:3      | Reached skill level 5 in Unarmed Combat
  2356 | D:4      | Found a shadowy altar of Dithmenos.
  2389 | D:4      | Found an opulent altar of Gozag.
  2611 | D:4      | Reached XP level 7. HP: 43/43 MP: 7/7
  2694 | D:5      | Entered Level 5 of the Dungeon
  2749 | D:5      | Reached skill level 1 in Throwing
  2841 | D:5      | Reached skill level 5 in Stealth
  2873 | D:5      | Learned a level 1 spell: Slow
  2891 | D:5      | Reached *** piety under Jiyva
  2912 | D:5      | Found a runed translucent door.
  2917 | D:5      | Noticed michknight7's ghost (novice MiFi)
  2935 | D:5      | Reached skill level 6 in Unarmed Combat
  2950 | D:5      | Killed michknight7's ghost
  2951 | D:5      | Reached XP level 8. HP: 49/49 MP: 8/8
  2959 | D:5      | Found a runed translucent door.
  3096 | D:5      | Noticed Grinder
  3105 | D:5      | Killed Grinder
  3106 | D:5      | Reached skill level 7 in Unarmed Combat
  3182 | D:5      | Gained mutation: Your spells are a little harder to cast,
                  | but a little more powerful. [Jiyva's grace]
  3182 | D:5      | Gained mutation: Your spells are harder to cast, but more
                  | powerful. [Jiyva's grace]
  3182 | D:5      | Gained mutation: Your spells are much harder to cast, but
                  | much more powerful. [Jiyva's grace]
  3182 | D:5      | Gained mutation: You have acidic saliva. [Jiyva's grace]
  3548 | D:6      | Learned a level 1 spell: Foxfire
  3596 | D:6      | Noticed Edmund
  3672 | D:6      | Killed Edmund
  3800 | D:6      | Reached skill level 1 in Spellcasting
  3812 | D:6      | Reached skill level 8 in Unarmed Combat
  3832 | D:6      | Reached skill level 1 in Conjurations
  3851 | D:6      | Found Bozxap's Antique Armour Emporium.
  3884 | D:6      | Reached **** piety under Jiyva
  3965 | D:6      | Found a transporter.
  3992 | D:6      | Found a transporter.
  4112 | D:7      | Reached skill level 1 in Fire Magic
  4269 | D:7      | Found a glowing golden altar of the Shining One.
  4304 | D:7      | Reached XP level 9. HP: 54/54 MP: 9/11
  4427 | D:7      | Found a snail-covered altar of Cheibriados.
  4460 | D:7      | Found a staircase to the Ecumenical Temple.
  4512 | D:7      | Reached skill level 1 in Hexes
  4512 | D:7      | Reached skill level 5 in Shapeshifting
  4915 | D:7      | Found a glowing silver altar of Zin.
  5123 | D:2      | Bought 2 scrolls labelled JUJAAM QIFE for 56 gold pieces
  5123 | D:2      | Bought a scroll labelled HUYRPHU HEOKLA for 28 gold pieces
  5213 | D:3      | Bought a scroll of fear for 48 gold pieces
  5438 | D:8      | Found a flagged portal.
  5446 | Bailey   | Entered a bailey
  5551 | Bailey   | Found a burning altar of Makhleb.
  5612 | D:8      | Reached ***** piety under Jiyva
  5627 | D:8      | Reached skill level 9 in Unarmed Combat
  5701 | D:8      | Reached XP level 10. HP: 49/61 MP: 12/12
  5701 | D:8      | Noticed Erica
  5720 | D:8      | Killed Erica
  5724 | D:8      | Reached skill level 5 in Dodging
  5753 | D:8      | Noticed Maggie
  5770 | D:8      | Killed Maggie
  5838 | D:8      | Found a white marble altar of Elyvilon.
  5860 | D:8      | Reached skill level 10 in Unarmed Combat
  5868 | D:8      | Found a staircase to the Lair.
  5911 | D:8      | HP: 2/63 [yak (5)]
  5911 | D:8      | Slain by a yak

Illustrated notes

Levels and vault maps discovered:
D:1:      kennysheep_arrival_forest, layout_loops_ring
D:2:      layout_loops_ring, serial_shops, shop,
          hellmonk_ecumenical_altar_crossroads, st_stairs_12,
          kennysheep_generic_room_10
D:3:      layout_basic, nicolae_overflow_crystal_walls, amcnicky_altar_gilded,
          overflow_temple_1_default, serial_shops, shop, uniq_sigmund
D:4:      layout_cave_pools, kennysheep_mini, mainiacjoe_overflow_alcove_4,
          nicolae_dithmenos_through_a_glass_darkly
D:5:      layout_loops_ring, ebering_ghost_sewer_f, minmay_starry_boxes,
          uniq_grinder
D:6:      gammafunk_steamed_eel, layout_basic, serial_shops,
          kennysheep_mini_moat, uniq_edmund
D:7:      minmay_inner_zag, layout_basic, kennysheep_slug_shrine,
          mainiacjoe_overflow_catwalk, zin_treasury, minmay_temple_entry_wispy,
          serial_bayou_lake_a
D:8:      layout_rooms, nicolae_elyvilon_peaceful_grove,
          regret_index_xom_buried_treasure, minmay_lair_entry_grove,
          enter_bailey_2, minmay_misc_feat_doors, glass_columns_b,
          eino_small_chamber_without_monster, serial_library_hellmonk_h_bend,
          uniq_joseph, uniq_erica, uniq_maggie

Skill      XL: |  1  2  3  4  5  6  7  8  9 10 |
---------------+-------------------------------+-----
Stealth        | 1 2 3 4 5 6 8 9 |  9.3
Unarmed Combat | 4 5 6 8 9 10 | 10.2
Throwing       | 1 2 |  2.1
Shapeshifting  | 4 5 6 |  6.9
Dodging        | 3 4 5 |  5.2
Fighting       | 2 3 |  3.3
Spellcasting   | 1 |  1.9
Conjurations   | 1 |  1.4
Fire Magic     | 1 |  1.4
Hexes          | 1 |  1.0

Action                     |  1- 3 |  4- 6 |  7- 9 | 10-12 || total
---------------------------+-------+-------+-------+-------++-------
  Melee: Unarmed           |    48 |    82 |   168 |    23 ||   321
         Constrict         |    16 |    27 |    34 |     6 ||    83
         Tentacles         |     8 |    15 |    39 |    11 ||    73
         Punch             |     2 |     5 |    13 |     3 ||    23
         Bite              |       |       |    19 |     5 ||    24
  Throw: Dart              |     9 |    10 |     4 |       ||    23
   Cast: Foxfire           |       |       |     6 |       ||     6
         Slow              |       |       |     2 |       ||     2
Ability: Begin Untransform |     1 |       |       |       ||     1
    Use: Potion            |     1 |     1 |     2 |       ||     4
         Scroll            |       |     3 |     3 |     2 ||     8
   Stab: Sleeping          |    12 |     5 |    10 |       ||    27
         Distracted        |       |       |     3 |       ||     3
 Armour: Skin              |    17 |    35 |   112 |    34 ||   198
  Dodge: Dodged            |    16 |    47 |    81 |     9 ||   153
   Form: Beast             |     1 |       |       |       ||     1
